 Dungeon Crawl Stone Soup version 0.29-a0-553-g81b289dbe5 (webtiles) character file.

Game seed: 392056603360996716

1 shadowstone the Magician (level 1, 0/15 HPs)
             Began as a Djinni Fire Elementalist on June 6, 2022.
             Slain by a bat (1 damage)
             ... on level 1 of the Dungeon.
             The game lasted 00:01:33 (243 turns).

shadowstone the Magician (Djinni Fire Elementalist)  Turns: 243, Time: 00:01:33

Health: 0/15       AC:  2    Str:  7    XL:     1   Next: 22%
Gold:   0          EV: 12    Int: 16    God:
                   SH:  0    Dex: 13

rFire   + + .      SeeInvis .   (no weapon)
rCold   x . .      Faith    .   (no shield)
rNeg    . . .      Spirit   .   a - +0 robe
rPois   ∞          Reflect  .   (no helmet)
rElec   .          Harm     .   (no cloak)
rCorr   .          Rampage  .   (no gloves)
Will    .....                   (boots unavailable)
Stlth   ++........              (no amulet)
HPRegen 0.05/turn               (no ring)
MPRegen 0.00/turn               (no ring)

@: flying
A: sickness immunity, fire resistance 2, cold vulnerability 1, float, innate
caster, HP casting, extra vitality 1
a: no special abilities


You were on level 1 of the Dungeon.
You visited 1 branch of the dungeon, and saw 1 of its levels.

Inventory:

Armour
 a - a +0 robe (worn)
 b - an orb of light


   Skills:
 + Level 2.1 Dodging
 + Level 1.5 Stealth
 + Level 2.4 Spellcasting


You couldn't memorise any spells.
You knew the following spells:

 Your Spells              Type           Power      Damage    Failure   Level
a - Foxfire               Conj/Fire      36%        2x1d5     7%          1
b - Scorch                Fire           18%        2d5       11%         2
c - Conjure Flame         Conj/Fire      9%         6-21      22%         3
d - Inner Flame           Hex/Fire       9%         N/A       22%         3
e - Flame Wave            Conj/Fire      9%         2d5       56%         4
Your spell library was empty.

Dungeon Overview and Level Annotations

Branches:
Dungeon (1/15)

Altars:


Innate Abilities, Weirdness & Mutations

You are immune to sickness and miasma.
You are immune to poison.
Your flesh is very heat resistant. (rF++)
You are vulnerable to cold. (rC-)
You float through the air rather than walking.
You learn spells naturally, not from books.
Your magical power is your life essence.
You have superior vitality. (+4 MHP)


Message History

The bat hits you but does no damage. The bat hits you but does no damage.
The bat misses you. The bat closely misses you. The bat hits you.
* * * LOW HITPOINT WARNING * * *
You closely miss the bat. The bat hits you.
* * * LOW HITPOINT WARNING * * *
The bat hits you but does no damage. The bat hits you.
* * * LOW HITPOINT WARNING * * *
You see here an orb of light.
The bat closely misses you. The bat closely misses you.
You hit the bat.
The bat is moderately wounded.
The bat hits you but does no damage. The bat closely misses you.
The bat closely misses you.
You see here an orb of light.
The bat barely misses you. The bat closely misses you.
You see here an orb of light.
b - an orb of light The bat barely misses you.
The bat hits you but does no damage.
Keep equipping yourself? [Y]es or [N]o only, please.
Keep equipping yourself? [Y]es or [N]o only, please.
Keep equipping yourself? [Y]es or [N]o only, please.
Keep equipping yourself?
You start putting on your armour.
You continue putting on your orb of light.
The bat barely misses you.
You continue putting on your orb of light.
The bat hits you.
* * * LOW HITPOINT WARNING * * *
You continue putting on your orb of light.
The bat hits you.
You die...

#.......# #...
##.####.# #### ### #.#
# #.# #.####### #.#
##.#.....# #.#
##..:.....######.#####
...#...........†.....#
##....b@..######.###.#
#.........# #.#
#.######### ..# # ####


You could see a bat.

Vanquished Creatures
  A giant cockroach (D:1)
1 creature vanquished.

Vanquished Creatures (others)
  2 foxfires (D:1)
2 creatures vanquished.

Grand Total: 3 creatures vanquished

Notes
Turn   | Place    | Note
-------+----------+-------------------------------------------
     0 | D:1      | shadowstone the Djinni Fire Elementalist began the quest
                  | for the Orb.
     0 | D:1      | Reached XP level 1. HP: 15/15 MP: 0/0
   243 | D:1      | Slain by a bat

Illustrated notes

Levels and vault maps discovered:
D:1:      matt_arrival_los_fun, layout_loops_ring, serial_shops, shop

Action                   || total
-------------------------++-------
Melee: Unarmed           ||    48
 Cast: Foxfire           ||     2
  Use: Potion            ||     1
Armor: Robe              ||    27
Dodge: Dodged            ||    60

Table legend: (Time is in decaauts)
 A = Elapsed time spent in this place.
 B = Non-inter-level travel time spent in this place.
 C = Inter-level travel time spent in this place.
 D = Time resting spent in this place.
 E = Time spent auto-exploring this place.
 F = Levels seen in this place.
 G = Mean time per level.
                   A        B        C        D        E       F      G
               +--------+--------+--------+--------+--------+-----+--------+
         Total |    243 |    241 |      2 |     26 |      0 |   1 |  243.0 |
       Dungeon |    243 |    241 |      2 |     26 |      0 |   1 |  243.0 |
               +--------+--------+--------+--------+--------+-----+--------+

Top non-repeatable levels by time:
     D:1: 243 daAuts
